AoeStats
← Barón de la Cerveza

Arabia

505356099Analyzed
1v1 RM · 24d ago on Sep 9, 2026· 37m 8s· 2 players
Game mode
Random Map
Map size
Tiny (2 player)
Population
200
Speed
Normal
Resources
Standard
Victory
Conquest
Starting age
Dark Age
Ending age
Imperial Age
RankedLock teamsTeams togetherTeam positionsShared explorationLock speedFull tech treeHidden civsTurbo modeCheats
Victory
Defeat
🇺🇸 Georgians · United States
1857
+16
🇲🇽 Maya · Mexico
1865
-16
katzzlikemeowmix
6:01 Loom
8:50 Feudal Age
9:23 Double-Bit Axe
10:22 Horse Collar
15:16 Fletching
21:41 Castle Age
21:11 Bloodlines
21:17 Forging
22:02 Scale Barding Armor
22:17 Padded Archer Armor
22:22 Bodkin Arrow
21:49 Elite Skirmisher
23:26 Padded Archer Armor
24:37 Light Cavalry
27:44 Scale Mail Armor
27:19 Man-at-Arms
27:45 Gambesons
29:34 Wheelbarrow
28:37 Long Swordsman
30:31 Gambesons
30:34 Arson
30:52 Squires
30:54 Town Watch
33:32 Chain Mail Armor
34:51 Chain Mail Armor
34:23 Arson
35:47 Iron Casting
37:33 Chain Barding Armor
37:29 Leather Archer Armor
Barón de la Cerveza
0:25 Loom
9:38 Feudal Age
9:43 Man-at-Arms
16:04 Fletching
16:28 Double-Bit Axe
19:34 Scale Mail Armor
23:19 Castle Age
23:24 Eagle Warrior
25:20 Gold Mining
25:37 Pikeman
26:18 Squires
28:55 Chain Mail Armor
32:43 Forging
32:49 Crossbowman
33:47 Bodkin Arrow
34:52 Bow Saw
Connection lost

Rejoining the realm…

Still unreachable

The connection could not be restored.

Session expired

The server has moved on; the page needs a fresh start.